 Dungeon Crawl Stone Soup version 0.29-a0-834-g1e95ca9f62 (webtiles) character file.

Game seed: 18120487923872767461

79 LynnLen the Sneak (level 4, 0/26 HPs)
             Began as a Vampire Enchanter on July 12, 2022.
             Slain by Robin
             ... wielding a +0 falchion
              (6 damage)
             ... on level 2 of the Dungeon.
             The game lasted 00:05:41 (2015 turns).

LynnLen the Sneak (Vampire Enchanter)               Turns: 2015, Time: 00:05:42

Health: 0/26       AC:  3    Str:  7    XL:     4   Next: 17%
Magic:  7/7        EV: 12    Int: 17    God:
Gold:   692        SH:  0    Dex: 16    Spells: 1/7 levels left

rFire   . . .      SeeInvis +   a - +1 dagger
rCold   + + .      Faith    .   (no shield)
rNeg    + + +      Spirit   .   f - +0 leather armour
rPois   ∞          Reflect  .   (no helmet)
rElec   .          Harm     .   (no cloak)
rCorr   .          Rampage  .   (no gloves)
Will    .....                   (no boots)
Stlth   +++++.....              (no amulet)
HPRegen 0.00/turn               (no ring)
MPRegen 0.10/turn               (no ring)

@: bloodless, inhibited regen
A: bloodless, fangs 3, see invisible, vampiric 2
a: Bat Form, Revivify


You were on level 2 of the Dungeon.
You visited 1 branch of the dungeon, and saw 2 of its levels.

You collected 692 gold pieces.

Inventory:

Hand Weapons
 a - a +1 dagger (weapon)
Armour
 b - a +0 robe
 f - a +0 leather armour (worn)
Jewellery
 l - an amulet of reflection
Wands
 g - a wand of mindburst (2)
Scrolls
 d - 2 scrolls of identify
 e - a scroll of poison
 h - a scroll of teleportation
 j - a scroll of enchant weapon {unknown}
 k - a scroll of enchant armour {unknown}
Potions
 c - a potion of invisibility
 i - a potion of flight {unknown}


   Skills:
 * Level 1.9 Fighting
 + Level 1.6 Short Blades
 + Level 2.4 Dodging
 + Level 6.2 Stealth
 - Level 2.0 Spellcasting
 - Level 4.4 Hexes


You had one spell level left.
You knew the following spells:

 Your Spells              Type           Power      Damage    Failure   Level
a - Confusing Touch       Hex            16%        N/A       14%         3
b - Tukima's Dance        Hex            16%        N/A       14%         3

Your spell library contained the following spells:

 Spells                   Type           Power      Damage    Failure   Level
 Ensorcelled Hibernation  Hex/Ice        18%        N/A       19%         2
 Dazzling Flash           Conj/Hex       18%        N/A       34%         3
 Portal Projectile        Hex/Tloc       18%        N/A       34%         3
 Call Canine Familiar     Summ           1%         N/A       65%         3
 Leda's Liquefaction      Hex/Erth       4%         N/A       75%         4


Dungeon Overview and Level Annotations

Branches:
Dungeon (2/15)

Altars:

Annotations:
D:2 Robin


Innate Abilities, Weirdness & Mutations

You do not regenerate when monsters are visible.
You are frail without blood (-20% HP).
You can heal yourself when you bite living creatures.
You are immune to poison.
You have razor-sharp teeth.
You have supernaturally acute eyesight. (SInv)
You are afflicted with vampirism and can become a bat while bloodless.


Message History

* * * LOW HITPOINT WARNING * * *
You hit the goblin.
You kill the goblin!
You hit the goblin. You bite the goblin.
You kill the goblin!
Items here: ))) ? ††.
You flicker for a moment.
You start resting.
You flicker back into view.
You start resting.
Robin of the Strong Arm comes into view.
They are wielding a +0 falchion.
Robin is nearby!
Robin barely misses you.
You hit Robin.
Robin is lightly wounded.
Robin closely misses you.
You hit Robin.
Robin is moderately wounded.
Robin barely misses you.
You closely miss Robin.
Robin is moderately wounded.
Robin barely misses you.
A hobgoblin comes into view.
A goblin comes into view. It is wielding a +0 dagger.
The hobgoblin shouts!
You hit Robin.
Robin is heavily wounded.
Robin hits you but does no damage.
You closely miss Robin. Your bite misses Robin.
Robin is heavily wounded.
Robin misses you.
You hit Robin.
Robin is heavily wounded.
Robin roars a battlecry!
The goblins go into a battle-frenzy!
You hear a shout!
The ball python hisses angrily.
You barely miss Robin.
Robin is heavily wounded.
Robin hits you with a +0 falchion.
You die...

#.##.#.# #.#.## #...#
#.# #....#.# #.#.#
###...# ##.# #####.#.#
#.#.# #.#...#######..##
#####.#.###.#.#
#.#†#............
......#.#...#.#
#.....########...
#######.#.#.#.# #g.†#.#
#... ............#.#
#g#.#.# #...
######......#.###g#[#.#
#...
............#.#.@.#g#.#
#..#
#####.......#.###.#.#.#
#... ##..........#.#
#.#.#. ####
............#.# #.#.#
##.##########.# #.#g#
##............# #S#.#
......######### #.#
...#.### .# .......#


You could see Robin, a hobgoblin (strong), a goblin (strong) and a ball python.

Vanquished Creatures
  2 adders (D:2)
  A worm (D:2)
  3 dart slugs
  6 bats
  5 endoplasms
  2 giant cockroaches
  5 goblins
  7 hobgoblins
  6 jackals
  A quokka (D:1)
  3 ball pythons
  A kobold (D:2)
  5 rats
47 creatures vanquished.

Notes
Turn   | Place    | Note
-------+----------+-------------------------------------------
     0 | D:1      | LynnLen the Vampire Enchanter began the quest for the Orb.
     0 | D:1      | Reached XP level 1. HP: 13/13 MP: 3/3
   152 | D:1      | Reached skill level 5 in Stealth
   162 | D:1      | Reached XP level 2. HP: 16/16 MP: 5/5
   213 | D:1      | Reached skill level 1 in Fighting
   478 | D:1      | Gained mutation: You are afflicted with vampirism and can
                  | become a bat while bloodless. [Vampire growth]
   478 | D:1      | Reached XP level 3. HP: 20/20 MP: 6/6
   679 | D:1      | Learned a level 3 spell: Confusing Touch
   683 | D:1      | Learned a level 3 spell: Tukima's Dance
   684 | D:1      | Identified a scroll of acquirement
   686 | D:1      | Acquired 648 gold pieces
  1555 | D:2      | Reached skill level 6 in Stealth
  1613 | D:2      | Reached XP level 4. HP: 21/26 MP: 7/7
  2007 | D:2      | Noticed Robin
  2015 | D:2      | Slain by Robin

Illustrated notes

Levels and vault maps discovered:
D:1:      lightli_arrival_noodles, layout_basic, st_stairs_14,
          palyth_stone_intersect, minmay_liquid_box
D:2:      layout_basic, serial_co_window_serial, co_window_paths_b,
          co_window_corner_a, co_window_corner_a, co_window_corner_a,
          co_window_of_opportunity_a, co_window_paths_c, co_window_broadway_c,
          co_window_corner_b, co_window_of_opportunity_b, co_window_corner_cb,
          co_window_corner_cb, co_window_unsneaky_path_b, co_window_paths_e,
          co_window_paths_d, glass_columns_a, glass_columns_a, glass_columns_a,
          glass_columns_a, glass_columns_b, basic_ecumenical_altar, uniq_robin

Skill      XL: |  1  2  3 |
---------------+----------+-----
Stealth        | 5 6 |  6.2
Fighting       | 1 |  1.9
Short Blades   | |  1.6
Dodging        | |  2.4
Spellcasting   | |  2.0
Hexes          | |  4.4

Action                   |  1- 3 |  4- 6 || total
-------------------------+-------+-------++-------
Melee: Dagger            |    64 |    29 ||    93
       Bite              |     5 |     3 ||     8
 Abil: Exsanguinate      |     1 |       ||     1
  Use: Scroll            |     4 |       ||     4
       Potion            |       |     1 ||     1
 Stab: Sleeping          |    30 |     3 ||    33
Armor: Robe              |     3 |       ||     3
       Leather armour    |     1 |    10 ||    11
Dodge: Dodged            |    21 |    28 ||    49

Table legend: (Time is in decaauts)
 A = Elapsed time spent in this place.
 B = Non-inter-level travel time spent in this place.
 C = Inter-level travel time spent in this place.
 D = Time resting spent in this place.
 E = Time spent auto-exploring this place.
 F = Levels seen in this place.
 G = Mean time per level.
                   A        B        C        D        E       F      G
               +--------+--------+--------+--------+--------+-----+--------+
         Total |   2012 |   2012 |      0 |    146 |    994 |   2 | 1006.0 |
       Dungeon |   2012 |   2012 |      0 |    146 |    994 |   2 | 1006.0 |
               +--------+--------+--------+--------+--------+-----+--------+

Top non-repeatable levels by time:
     D:2: 1162 daAuts
     D:1: 849 daAuts
